 Dungeon Crawl Stone Soup version 0.32-a0-675-gdc239d62e1 (webtiles) character file.

Game seed: 6855646524510698709

1955 Drazool the Wallflower (level 8, -2/48 (62) HPs)
             Began as a Demonspawn Fighter on Mar 11, 2024.
             Was a Follower of Uskayaw.
             Hit by a boomerang thrown by Maurice (9 damage)
             ... on level 6 of the Dungeon.
             The game lasted 00:21:48 (7319 turns).

Drazool the Wallflower (Demonspawn Fighter)         Turns: 7319, Time: 00:21:49

HP:   -2/48 (62)    AC: 12    Str: 25    XL:     8   Next: 99%
MP:   4/13          EV: 10    Int:  9    God:    Uskayaw [*.....]
Gold: 0             SH:  0    Dex: 12    Spells: 7/7 levels left

rFire   . . .        w - +2 dagger (speed)
rCold   . . .        (no shield)
rNeg    . . .        b - +0 scale mail
rPois   .            k - +1 helmet
rElec   .            t - +0 cloak
rCorr   .            (no gloves)
SInv    .            (no boots)
Will    .....        (no amulet) Stlth
                     S - +6 ring of strength
HPRegen 0.28/turn    (no ring)
MPRegen 0.26/turn

%: no passive effects
@: about to teleport, hasted, heavily drained, very quick
A: slimy green scales 1, foul stench 1, magic regeneration, demonic touch 2
a: Renounce Religion, Stomp


You were on level 6 of the Dungeon.
You worshipped Uskayaw.
Uskayaw was noncommittal.
You visited 1 branch of the dungeon, and saw 7 of its levels.
You also visited: Ossuary.

You collected 95 gold pieces.
You spent 95 gold pieces at shops.


Innate Abilities, Weirdness & Mutations

You are partially covered in slimy green scales. (AC +2)
You may rarely emit foul miasma when damaged in melee.
You regenerate magic rapidly.
Your touch may inflict irresistible damage on your foes.


   Skills:
 - Level 5.0 Fighting
 - Level 5.0 Short Blades
 - Level 6.3 Maces & Flails
 - Level 4.0 Armour
 - Level 2.0 Stealth
 - Level 2.6 Shields
 + Level 6.8 Invocations


You had 7 spell levels left.
You didn't know any spells.
Your spell library contained the following spells:

 Spells                   Type           Power      Damage    Failure   Level
 Foxfire                  Conj/Fire      0%         2x1d4     67%         1
 Slow                     Hex            0%         N/A       67%         1
 Call Imp                 Summ           0%         N/A       80%         2
 Ensorcelled Hibernation  Hex/Ice        0%         N/A       80%         2
 Scorch                   Fire           0%         2d5       80%         2
 Static Discharge         Conj/Air       0%         3-3/arc   80%         2
 Sublimation of Blood     Necr           0%         N/A       80%         2
 Passwall                 Erth           0%         N/A       95%         3
 Swiftness                Air            0%         N/A       95%         3
 Flame Wave               Conj/Fire      0%         2d4       100%        4
 Arcjolt                  Conj/Air       0%         1d10      100%        5
 Plasma Beam              Fire/Air       0%         2x1d10    100%        6
 Starburst                Conj/Fire      0%         6d3       100%        6
 Summon Cactus Giant      Summ           0%         N/A       100%        6
 Enfeeble                 Hex            0%         N/A       100%        7
 Summon Hydra             Summ           0%         N/A       100%        7

Inventory:

Hand Weapons
 w - a +2 dagger of speed (weapon)
Missiles
 i - 16 poisoned darts (quivered)
 x - 2 boomerangs
Armour
 b - a +0 scale mail (worn)
 k - a +1 helmet (worn)
 t - a +0 cloak (worn)
Jewellery
 S - a +6 ring of strength (left hand)
Scrolls
 e - a scroll of fog
 g - 3 scrolls of amnesia
 h - a scroll of poison
 j - 2 scrolls of fear
 n - a scroll of torment
 p - 2 scrolls of revelation
 u - 3 scrolls of blinking
Potions
 d - a potion of might
 f - 3 potions of curing {unknown}
 m - 2 potions of magic {unknown}
 o - 2 potions of lignification
 q - 5 potions of heal wounds {unknown}
 r - a potion of ambrosia {unknown}
 s - 2 potions of attraction {unknown}
 z - 2 potions of enlightenment {unknown}
 A - 2 potions of haste {@q3}
 C - 2 potions of mutation {unknown}

Dungeon Overview and Level Annotations

Branches:
Dungeon (7/15)             Temple (0/1) D:5         Ossuary (visited)

Altars:
Uskayaw
Vehumet

Shops:
D:3 :   D:6 ?

Annotations:
D:6 Maurice

#..............
######...........##
###.....#........###
##.......##.......#
##.........#.)######
# #..........##[# ##
#...........#.## ##.
#...........f#.##
#..
#.....@......#..#
###
#...........###.## #
### ##.........##
#..# #.# #........##
##.## #.##
##......## ####..#
#..# ###...##
#.###.##### ##..###
##### #.###..##..
##.....###
#..###.##..
##........###
##..{......


You could see Maurice.


Message History

You feel drained. Something bites you. Something drains your magic.
You hit something. You barely miss something. Something hits you!
* * * LOW HITPOINT WARNING * * *
Something steals your +0 buckler!
You feel drained.
* * * LOW HITPOINT WARNING * * *
Something bites you but does no damage.
Unknown command.
Something blocks your attack. Something hits you but does no damage.
You feel drained. Something bites you.
* * * LOW HITPOINT WARNING * * *
You feel your power leaking away. Something drains your magic.
Unknown command.
You feel yourself speed up. Something hits you but does no damage.
You feel drained. Something bites you!
* * * LOW HITPOINT WARNING * * *
Something drains your magic.
Unknown command.
You can no longer pass through a line of other dancers.
A boomerang appears from out of thin air!
The boomerang hits you but does no damage.
A boomerang appears from out of thin air!
The boomerang hits you but does no damage.
Items here: ))) [[[.
As you read the scroll of teleportation {@r2}, it crumbles to dust.
You feel strangely unstable.
Maurice throws a boomerang.
The boomerang hits you!
You die...
Your body falls in perfect tune with the rhythm.

Skill      XL: |  1  2  3  4  5  6  7  8 |
---------------+-------------------------+-----
Maces & Flails | 2 3 5 6 |  6.3
Invocations    | 4 5 6 |  6.8
Fighting       | 5 |  5.0
Armour         | 4 |  4.0
Stealth        | 2 |  2.0
Short Blades   | 5 |  5.0
Shields        | |  2.6

Action                     |  1- 3 |  4- 6 |  7- 9 || total
---------------------------+-------+-------+-------++-------
  Melee: Flail             |   153 |   104 |    70 ||   327
         Touch             |       |    19 |    64 ||    83
         Dagger            |       |       |   254 ||   254
  Throw: Dart              |       |     5 |     5 ||    10
 Invoke: Line Pass         |       |       |     1 ||     1
         Stomp             |       |       |     1 ||     1
    Use: Scroll            |       |     5 |     8 ||    13
         Potion            |       |       |     1 ||     1
   Stab: Paralysed         |       |     2 |     9 ||    11
 Armour: Scale mail        |   109 |    83 |   199 ||   391
  Dodge: Dodged            |    64 |    44 |    88 ||   196
  Block: Buckler           |    32 |       |       ||    32

Levels and vault maps discovered:
D:1:      mrwooster_arrival_arrow, layout_loops_ring, grunt_decor_fettered
D:2:      layout_loops_cross, hellmonk_ecumenical_altar_leap_of_faith
D:3:      layout_basic, serial_shops, nicolae_book_shop_shelving
D:4:      layout_basic, serial_demonic, serial_demonic_e, serial_demonic_b,
          serial_demonic_d, serial_demonic_g, serial_demonic_f
D:5:      layout_loops_corners, minmay_temple_entry_offerings
D:6:      layout_cave_pods, marbit_many_paths,
          lightli_ossuary_entry_decrepit_ruins, serial_shops, shop
D:7:      layout_rooms, kennysheep_doodads,
          nicolae_concentric_dashed_squares_wild, uniq_maurice

Notes
Turn   | Place    | Note
-------+----------+-------------------------------------------
     0 | D:1      | Drazool the Demonspawn Fighter began the quest for the Orb.
     0 | D:1      | Reached XP level 1. HP: 18/18 MP: 1/1
    13 | D:1      | Reached skill level 2 in Maces & Flails
    89 | D:1      | Gained mutation: You are partially covered in slimy green
                  | scales. (AC +2) [demonic ancestry]
    89 | D:1      | Reached XP level 2. HP: 14/24 MP: 2/2
   394 | D:1      | Reached skill level 3 in Maces & Flails
   529 | D:1      | Gained mutation: You may rarely emit foul miasma when
                  | damaged in melee. [demonic ancestry]
   529 | D:1      | Reached XP level 3. HP: 29/29 MP: 3/3
  1208 | D:2      | Found a faded altar of an unknown god.
  1213 | D:2      | Prayed at the altar of an unknown god.
  1213 | D:2      | Became a worshipper of Uskayaw the Reveller
  1213 | D:2      | Reached * piety under Uskayaw
  1425 | D:2      | Reached ** piety under Uskayaw
  1500 | D:2      | Gained mutation: Your touch may inflict minor irresistible
                  | damage on your foes. [demonic ancestry]
  1500 | D:2      | Reached XP level 4. HP: 24/35 MP: 4/4
  1551 | D:2      | Reached skill level 4 in Maces & Flails
  1726 | D:3      | Found Sobourom's Book Shoppe.
  2103 | D:3      | Noticed an ogre
  2107 | D:3      | Killed an ogre
  2107 | D:3      | Reached *** piety under Uskayaw
  2108 | D:3      | Reached skill level 5 in Maces & Flails
  2108 | D:3      | Reached XP level 5. HP: 5/41 MP: 5/5
  2977 | D:4      | Gained mutation: Your touch may inflict irresistible damage
                  | on your foes. [demonic ancestry]
  2977 | D:4      | Reached XP level 6. HP: 47/47 MP: 6/6
  3006 | D:4      | Noticed an ice beast
  3019 | D:4      | Killed an ice beast
  3020 | D:4      | Reached skill level 6 in Maces & Flails
  3126 | D:4      | Reached skill level 1 in Invocations
  3131 | D:4      | Reached skill level 2 in Invocations
  3187 | D:4      | Reached skill level 3 in Invocations
  3196 | D:4      | Reached **** piety under Uskayaw
  3436 | D:3      | Reached skill level 4 in Invocations
  3436 | D:3      | Gained mutation: You regenerate magic rapidly. [demonic
                  | ancestry]
  3436 | D:3      | Reached XP level 7. HP: 44/52 MP: 8/10
  3549 | D:4      | Identified the +1 robe "Voiss" {^Contam Str+4 Dex+7}
  3661 | D:4      | Reached skill level 5 in Invocations
  4244 | D:3      | Reached skill level 4 in Fighting
  4597 | D:5      | Entered Level 5 of the Dungeon
  4817 | D:5      | Reached skill level 5 in Fighting
  4937 | D:5      | Reached skill level 3 in Armour
  5101 | D:5      | Reached skill level 4 in Armour
  5101 | D:5      | Reached XP level 8. HP: 59/62 MP: 11/11
  5131 | D:5      | Reached skill level 1 in Stealth
  5225 | D:5      | Identified the +2 quarterstaff "Olacaaff" {flame, MP-9
                  | Str+4}
  5529 | D:5      | Found a staircase to the Ecumenical Temple.
  5589 | D:5      | Reached skill level 1 in Short Blades
  5637 | D:5      | Got Vute's Tractate on the Wyrd and the Wind
  5859 | D:6      | Found a sand-covered staircase.
  5864 | Ossuary  | Entered an ossuary
  5991 | Ossuary  | Reached skill level 2 in Short Blades
  6107 | Ossuary  | Reached ***** piety under Uskayaw
  6111 | Ossuary  | Reached skill level 3 in Short Blades
  6210 | Ossuary  | Identified the blade talisman of Pan-Flutes {rF+}
  6368 | D:6      | Reached skill level 4 in Short Blades
  6565 | D:6      | Reached skill level 5 in Short Blades
  6685 | D:6      | Reached skill level 2 in Stealth
  6693 | D:6      | Found a radiant altar of Vehumet.
  6789 | D:6      | Reached skill level 6 in Invocations
  6897 | D:6      | Found Xupatil's Magic Scroll Emporium.
  6943 | D:6      | Bought a scroll of blinking for 75 gold pieces
  6943 | D:6      | Bought a scroll of identify for 20 gold pieces
  7256 | D:7      | Noticed Maurice
  7279 | D:6      | Something stole 258 gold
  7284 | D:6      | Something stole 7 boomerangs
  7289 | D:6      | Something stole the blade talisman of Pan-Flutes {rF+}
  7291 | D:6      | Something stole a +0 flail
  7293 | D:6      | Something stole a +0 buckler
  7295 | D:6      | HP: 2/48 [something (7)]
  7319 | D:6      | Hit by a boomerang thrown by Maurice

Vanquished Creatures
  A steam dragon (D:6)
  2 water moccasins
  An orc warrior (D:6)
  An ice beast (D:4)
  A black bear (D:5)
  4 ogres
  A centaur (D:5)
  An elf zombie (Ossuary)
  A bullfrog (D:6)
  A centaur zombie (Ossuary)
  A quasit (D:4)
  A jelly (D:5)
  2 bombardier beetles (D:5)
  A gnoll bouda (D:3)
  4 orc priests
  2 sleepcaps
  3 orc wizards
  A hound zombie (Ossuary)
  2 mummies (Ossuary)
  4 adders
  9 gnolls
  6 shadow imps
  4 white imps
  An ufetubus (D:3)
  4 adder zombies (Ossuary)
  4 dart slugs
  A ribbon worm (D:2)
  7 orcs
  7 bats
  6 endoplasms
  4 giant cockroaches
  13 gnoll zombies (Ossuary)
  5 goblins
  9 hobgoblins
  5 jackals
  A quokka (D:3)
  6 ball pythons
  3 frilled lizards
  5 jackal zombies (Ossuary)
  12 kobolds
  3 kobold zombies (Ossuary)
  9 orc zombies (Ossuary)
  7 rats
166 creatures vanquished.

Vanquished Creatures (others)
  An orc (D:7)
1 creature vanquished.

Grand Total: 167 creatures vanquished

Table legend: (Time is in decaauts)
 A = Elapsed time spent in this place.
 B = Non-inter-level travel time spent in this place.
 C = Inter-level travel time spent in this place.
 D = Time resting spent in this place.
 E = Time spent auto-exploring this place.
 F = Levels seen in this place.
 G = Mean time per level.
                   A        B        C        D        E       F      G
               +--------+--------+--------+--------+--------+-----+--------+
         Total |   7268 |   6962 |    306 |    648 |   4858 |   8 |  908.5 |
       Dungeon |   6897 |   6591 |    306 |    648 |   4742 |   7 |  985.3 |
       Ossuary |    371 |    371 |      0 |      0 |    116 |   1 |  371.0 |
               +--------+--------+--------+--------+--------+-----+--------+

Top non-repeatable levels by time:
     D:3: 1562 daAuts
     D:4: 1235 daAuts
     D:5: 1189 daAuts
     D:6: 1021 daAuts
     D:2: 967 daAuts
     D:1: 902 daAuts
 Ossuary: 371 daAuts
     D:7: 18 daAuts

Table legend:
 A = Non-vault XP
 B = Vault XP
 C = Vault XP percentage of total XP
 D = Non-vault monster count
 E = Vault monster count
 F = Vault count percentage of total count
                 A         B        C        D         E       F
            +---------+---------+-------+---------+---------+-------
      Total |    2244 |     549 |  19.7 |     116 |      50 |  30.1
            +---------+---------+-------+---------+---------+-------
        D:1 |      54 |       0 |   0.0 |      31 |       0 |   0.0
        D:2 |      49 |       0 |   0.0 |      22 |       0 |   0.0
        D:3 |     366 |      29 |   7.3 |      21 |       3 |  12.5
        D:4 |     426 |     110 |  20.5 |      22 |       7 |  24.1
        D:5 |     571 |       0 |   0.0 |       9 |       0 |   0.0
        D:6 |     778 |     147 |  15.9 |      11 |       1 |   8.3
    Ossuary |       0 |     263 | 100.0 |       0 |      39 | 100.0
            +---------+---------+-------+---------+---------+-------
